 Dungeon Crawl Stone Soup version 0.29-a0-330-g52719c12eb (webtiles) character file.

Game seed: 4863107888724777878

1201 Aelig the Firebug (level 8, -2/57 HPs)
             Began as a Demigod Fire Elementalist on May 8, 2022.
             Slain by a yak (13 damage)
             ... on level 5 of the Dungeon.
             The game lasted 00:18:00 (6315 turns).

Aelig the Firebug (Demigod Fire Elementalist)       Turns: 6315, Time: 00:18:01

Health: -2/57      AC: 12    Str:  9    XL:     8   Next: 1%
Magic:  13/14      EV: 12    Int: 25    God:
Gold:   166        SH:  0    Dex: 14    Spells: 2/11 levels left

rFire   . . .      SeeInvis +   w - +4 hunting sling
rCold   + . .      Faith    .   (no shield)
rNeg    . . .      Spirit   .   a - +0 robe
rPois   .          Reflect  .   z - +2 helmet {SInv}
rElec   .          Harm     .   (no cloak)
rCorr   .          Rampage  .   t - +0 pair of gloves
Will    .....                   k - +1 pair of boots
Stlth   ++........              (no amulet)
HPRegen 0.19/turn               m - +4 ring of protection
MPRegen 0.14/turn               f - ring of protection from cold

@: no status effects
A: high MP 1, forlorn, divine attributes
a: no special abilities


You were on level 5 of the Dungeon.
You visited 1 branch of the dungeon, and saw 5 of its levels.

You collected 331 gold pieces.
You spent 165 gold pieces at shops.

Inventory:

Hand Weapons
 w - a +4 hunting sling (weapon)
Missiles
 j - 180 stones
Armour
 a - a +0 robe (worn)
 k - a +1 pair of boots (worn)
 t - a +0 pair of gloves (worn)
 y - a +0 buckler
 z - a +2 helmet of see invisible (worn)
Magical Staves
 x - a staff of poison
Jewellery
 f - a ring of protection from cold (right hand)
 m - a +4 ring of protection (left hand)
Scrolls
 d - 4 scrolls of enchant armour
 i - a scroll of blinking {unknown}
 l - a scroll of noise
 n - a scroll of magic mapping
 v - a scroll of vulnerability {unknown}
 A - 2 scrolls of identify
 B - a scroll of holy word
Potions
 c - 2 potions of attraction
 g - a potion of brilliance
 h - 2 potions of flight
 p - 2 potions of cancellation
 s - 2 potions of resistance


   Skills:
 - Level 1.7 Dodging
 - Level 1.7 Stealth
 - Level 2.0 Spellcasting
 + Level 6.3 Conjurations
 + Level 6.8 Fire Magic


You had 2 spell levels left.
You knew the following spells:

 Your Spells              Type           Power      Damage    Failure   Level
a - Foxfire               Conj/Fire      100%       2x1d9     1%          1
b - Scorch                Fire           72%        2d8       1%          2
c - Magic Dart            Conj           100%       1d8       1%          1
d - Conjure Flame         Conj/Fire      35%        6-21      2%          3
e - Searing Ray           Conj           68%        2d6       1%          2

Your spell library contained the following spells:

 Spells                   Type           Power      Damage    Failure   Level
 Call Imp                 Summ           2%         N/A       17%         2
 Flame Wave               Conj/Fire      35%        2d8       8%          4
 Inner Flame              Hex/Fire       19%        N/A       9%          3
 Mephitic Cloud           Conj/Pois/Air  13%        N/A       14%         3
 Fulminant Prism          Conj/Hex       9%         3d7       30%         4
 Tukima's Dance           Hex            2%         N/A       32%         3
 Anguish                  Hex/Necr       1%         N/A       73%         4
 Summon Forest            Summ/Tloc      1%         N/A       97%         5
 Eringya's Noxious Bog    Tmut/Pois      1%         N/A       100%        6
 Enfeeble                 Hex            1%         N/A       100%        7
 Summon Hydra             Summ           1%         N/A       100%        7


Dungeon Overview and Level Annotations

Branches:
Dungeon (5/15)             Temple (0/1) D:5

Shops:
D:2 :   D:4 *


Innate Abilities, Weirdness & Mutations

You have an increased reservoir of magic. (+10% MP)
You shall have no god before yourself.
Your divine heritage dramatically boosts your attributes as you level up.


Message History

You conjure some foxfire!
The yak barely misses you. The yak attacks as you move away! The yak gores you!
The foxfire hits the yak.
The yak is heavily wounded.
The foxfire hits the yak.
The yak is severely wounded.
Okay, then.
The yak attacks as you move away! The yak barely misses you.
Fire: w) +4 hunting sling
Press: ? - help, Q - select action, (/) - cycle Shift-Dir - straight line, f - yak
Aim: a yak (severely wounded, 71% to hit)
You shoot a sling bullet.
The sling bullet hits the yak but does no damage.
The yak is severely wounded.
The yak closely misses you.
Fire: w) +4 hunting sling
Press: ? - help, Q - select action, (/) - cycle Shift-Dir - straight line, f/p - yak
Aim: a yak (severely wounded, 71% to hit)
Okay, then.
Things that are here:
a +0 dagger; a +0 robe
Casting: Foxfire (safe; 1% risk of failure)
Confirm with . or Enter, or press ? or * to list all spells.
You conjure some foxfire!
The yak misses you.
The foxfire hits the yak.
The yak is severely wounded.
The foxfire hits the yak.
The yak is severely wounded.
The yak gores you!
* * * LOW HITPOINT WARNING * * *
Things that are here:
a +0 whip; a +0 leather armour; an orc corpse You feel better.
The yak closely misses you. Magic courses through your body. The yak gores you.
* * * LOW HITPOINT WARNING * * *
Casting: Foxfire (safe; 1% risk of failure)
Confirm with . or Enter, or press ? or * to list all spells.
Flames lash the yak.
The yak is almost dead.
The yak's fire resistance burns away.
The yak gores you!
You die...

#........# ##'##
#.......## #.# #####
#.......# #.###....
#......## ##........
#.##.#.# ##.........
#.##.#.# ##..........
#.##.#)# #...........
#.##.#Y######.##........
#.##...@....).###.......
#.####.######## #.......
#......# ########
########


You could see a yak (combustible).

Vanquished Creatures
  3 yaks (D:5)
  A water moccasin (D:4)
  An ice beast (D:5)
  A black bear (D:5)
  A scorpion (D:4)
  4 orc priests
  5 orc wizards
  4 gnolls (D:5)
  4 adders
  2 worms
  15 orcs
  7 bats
  7 endoplasms
  5 giant cockroaches
  7 goblins
  12 hobgoblins
  9 kobolds
  2 quokkas
  9 ball pythons
  6 frilled lizards
  5 rats
110 creatures vanquished.

Vanquished Creatures (others)
  258 foxfires
258 creatures vanquished.

Grand Total: 368 creatures vanquished

Notes
Turn   | Place    | Note
-------+----------+-------------------------------------------
     0 | D:1      | Aelig the Demigod Fire Elementalist began the quest for the
                  | Orb.
     0 | D:1      | Reached XP level 1. HP: 14/14 MP: 5/5
   148 | D:1      | Reached skill level 1 in Conjurations
   365 | D:1      | Reached XP level 2. HP: 20/20 MP: 5/7
   371 | D:1      | Learned a level 2 spell: Scorch
  1192 | D:2      | Learned a level 1 spell: Magic Dart
  1380 | D:2      | Found Muzead's Book Boutique.
  1663 | D:2      | Reached XP level 3. HP: 26/26 MP: 3/8
  2857 | D:3      | Reached XP level 4. HP: 33/33 MP: 4/9
  3268 | D:4      | Noticed a water moccasin
  3274 | D:4      | Killed a water moccasin
  3275 | D:4      | Reached XP level 5. HP: 32/38 MP: 2/10
  3347 | D:4      | Learned a level 3 spell: Conjure Flame
  3511 | D:4      | Reached XP level 6. HP: 42/45 MP: 4/11
  3535 | D:4      | Reached skill level 5 in Fire Magic
  4097 | D:4      | Found Didaukko's Assorted Antiques.
  4105 | D:4      | Bought a glowing helmet for 165 gold pieces
  4157 | D:4      | Identified the +10 short sword "Iheckuf" {freeze, rF- Str+5
                  | Dex+4}
  4484 | D:5      | Entered Level 5 of the Dungeon
  4727 | D:5      | Found a staircase to the Ecumenical Temple.
  5053 | D:5      | Learned a level 2 spell: Searing Ray
  5450 | D:5      | Noticed a yak
  5450 | D:5      | Noticed a yak
  5450 | D:5      | Noticed a yak
  5450 | D:5      | Noticed a yak
  5565 | D:5      | Reached skill level 5 in Conjurations
  5565 | D:5      | Reached XP level 7. HP: 27/50 MP: 1/13
  6284 | D:5      | Killed a yak
  6293 | D:5      | Killed a yak
  6294 | D:5      | Killed a yak
  6295 | D:5      | Reached XP level 8. HP: 57/57 MP: 0/14
  6315 | D:5      | Slain by a yak

Illustrated notes

Levels and vault maps discovered:
D:1:      psy_arrival_basics, layout_basic
D:2:      kennysheep_big_flooded_room, layout_basic,
          hellmonk_ecumenical_altar_crossroads, serial_shops,
          nicolae_shop_behind_doors, kennysheep_generic_room_13
D:3:      cheibrodos_greedy_goblins, layout_rooms,
          grunt_temple_overflow_gold_and_silver, minitemple, lemuel_old_faithful
D:4:      wander_river, layout_layer_cave, serial_shops, shop
D:5:      layout_loops_corners, lemuel_temple_firewalk_a

Skill      XL: |  1  2  3  4  5  6  7 |
---------------+----------------------+-----
Conjurations   | 1 2 3 4 5 6 |  6.3
Fire Magic     | 3 4 5 6 |  6.8
Spellcasting   | 2 |  2.0
Dodging        | |  1.7
Stealth        | |  1.7

Action                   |  1- 3 |  4- 6 |  7- 9 || total
-------------------------+-------+-------+-------++-------
Melee: Short sword       |     7 |     1 |       ||     8
 Fire: Hunting sling     |       |     1 |    18 ||    19
 Cast: Foxfire           |    80 |    67 |     6 ||   153
       Scorch            |     5 |     7 |     8 ||    20
       Conjure Flame     |       |     8 |     3 ||    11
       Magic Dart        |       |     4 |     5 ||     9
       Searing Ray       |       |     1 |     3 ||     4
  Use: Scroll            |       |    12 |       ||    12
       Potion            |       |     3 |     2 ||     5
Armor: Robe              |    15 |    15 |     1 ||    31
Dodge: Dodged            |    24 |    33 |     9 ||    66

Table legend: (Time is in decaauts)
 A = Elapsed time spent in this place.
 B = Non-inter-level travel time spent in this place.
 C = Inter-level travel time spent in this place.
 D = Time resting spent in this place.
 E = Time spent auto-exploring this place.
 F = Levels seen in this place.
 G = Mean time per level.
                   A        B        C        D        E       F      G
               +--------+--------+--------+--------+--------+-----+--------+
         Total |   6324 |   6115 |    209 |   1257 |   3607 |   5 | 1264.8 |
       Dungeon |   6324 |   6115 |    209 |   1257 |   3607 |   5 | 1264.8 |
               +--------+--------+--------+--------+--------+-----+--------+

Top non-repeatable levels by time:
     D:5: 1597 daAuts
     D:4: 1480 daAuts
     D:3: 1171 daAuts
     D:1: 1049 daAuts
     D:2: 1025 daAuts
